 Dungeon Crawl Stone Soup version 0.26.1-11-gd32895ea62 (webtiles) character file.

Game seed: 13065354337801289898

1823 mankey1987 the Nimble (level 9, 0/84 HPs)
             Began as an Ogre Berserker on May 29, 2021.
             Was an Elder of Trog.
             Slain by Prince Ribbit (10 damage)
             ... on level 7 of the Dungeon.
             The game lasted 00:11:44 (10774 turns).

mankey1987 the Nimble (Ogre Berserker)             Turns: 10774, Time: 00:11:44

Health: 0/84       AC:  4    Str: 23    XL:     9   Next: 10%
Magic:  8/8        EV: 15    Int: 14    God:    Trog [****..]
Gold:   438        SH:  0    Dex: 11    Spells: 8/8 levels left

rFire    . . .     SeeInvis .   x - +0 dire flail
rCold    . . .     Faith    .   (shield currently unavailable)
rNeg     . . .     Spirit   .   b - +0 animal skin
rPois    .         Reflect  .   (helmet restricted)
rElec    .         Harm     .   q - +0 cloak
rCorr    .         Rampage  .   (gloves unavailable)
Will     ++...                  (boots unavailable)
Stlth    +.........             (no amulet)
HPRegen  1.24/turn              g - +6 ring of intelligence
MPRegen  0.11/turn              (no ring)

@: mighty, berserk cooldown, regenerating
A: large, unfitting armour, low mp 1, tough skin 1, MP-powered wands
a: Renounce Religion, Berserk, Trog's Hand, Brothers in Arms


You were on level 7 of the Dungeon.
You worshipped Trog.
Trog was greatly pleased with you.
You visited 1 branch of the dungeon, and saw 7 of its levels.

You collected 438 gold pieces.

Inventory:

Hand Weapons
 x - a +0 dire flail (weapon)
Missiles
 a - a throwing net
Armour
 b - a +0 animal skin (worn)
 q - a +0 cloak (worn)
Jewellery
 g - a +6 ring of intelligence (left hand)
 y - an uncursed amulet of faith {unknown}
Wands
 m - a wand of digging (3)
 v - a wand of acid (7)
 w - a wand of polymorph (7)
Scrolls
 c - 3 scrolls of noise
 e - 3 scrolls of fear {unknown}
 f - 2 scrolls of remove curse
 j - 4 scrolls of magic mapping
 k - 2 scrolls of identify
 l - 4 scrolls of teleportation
 o - 2 scrolls of immolation
 p - a scroll of fog
 u - a scroll of torment {unknown}
Potions
 h - 2 potions of magic
 i - a potion of resistance
 n - a potion of might
 s - a potion of degeneration {unknown}
 t - a potion of ambrosia {unknown}


   Skills:
 - Level 4.2 Fighting
 - Level 2.8 Maces & Flails
 + Level 10.7 Dodging
 - Level 0.1 Stealth


You had 8 spell levels left.
You didn't know any spells.
Your spell library was empty.

Dungeon Overview and Level Annotations

Branches:
Dungeon (7/15)             Temple (0/1) D:4

Altars:
Fedhas
Qazlal
Uskayaw
Zin
The Shining One

Annotations:
D:7 Prince Ribbit


Innate Abilities, Weirdness & Mutations

You are too large for most types of armour.
You have tough skin. (AC +1)
Your magical capacity is low. (-10% MP)
You expend magic power (3 MP) to strengthen your wands.


Message History

Prince Ribbit hits you!
* * * LOW HITPOINT WARNING * * *
Prince Ribbit hits you.
* * * LOW HITPOINT WARNING * * *
You miss Prince Ribbit.
Prince Ribbit is heavily wounded.
You feel yourself speed up. Prince Ribbit hits you!
* * * LOW HITPOINT WARNING * * *
Prince Ribbit barely misses you. Prince Ribbit hits you.
* * * LOW HITPOINT WARNING * * *
You feel better. Prince Ribbit misses you.
You feel better. Prince Ribbit hits you!
* * * LOW HITPOINT WARNING * * *
Prince Ribbit barely misses you.
Okay, then.
Your skin crawls.
You feel strong-willed. Prince Ribbit hits you!
You die...

..#.#.#.#........# #.#
#.#.#.#.#....###.# #.#
.................# #.#
#.#.....[....<##.# #.#
.........#######รท# #.#
#.##.##.......##.# #.#
#.##.##.......##.# #.#
...)..........##F# ##.#
#.##)##.......##@# #..#
..##.###..#.##...#####..####.#
.# #......#.##................
.#######....##...#####........
.....#...........#####.#.###..
...# #......###......#.#.###..
...# #........................
...###.................#......
.................###.#...#####


You could see Prince Ribbit.

Vanquished Creatures
  Menkaure (D:5)
  A water moccasin (D:7)
  2 orc warriors
  A sky beast (D:7)
  2 ice beasts
  An ogre (D:5)
  A phantom (D:5)
  Blork the orc (D:5)
  2 bullfrogs
  3 scorpions
  A centaur zombie (D:6)
  A hound (D:7)
  Crazy Yiuf (D:5)
  An orc priest (D:4)
  3 orc wizards
  A bullfrog skeleton (D:4)
  3 worker ants (D:4)
  Ijyb (D:3)
  A hound skeleton (D:5)
  A worker ant zombie (D:7)
  13 adders
  A shadow imp (D:5)
  2 white imps
  An ooze (D:2)
  A worm (D:1)
  A dart slug (D:1)
  3 leopard geckos
  25 orcs
  4 giant cockroaches
  11 goblins
  9 hobgoblins
  10 jackals
  4 quokkas
  A ball python (D:3)
  7 bats
  4 frilled lizards
  5 kobolds
  A leopard gecko zombie (D:5)
  8 rats
140 creatures vanquished.

Notes
Turn   | Place    | Note
-------+----------+-------------------------------------------
     0 | D:1      | mankey1987 the Ogre Berserker began the quest for the Orb.
     0 | D:1      | Reached XP level 1. HP: 24/24 MP: 1/1
   153 | D:1      | Reached XP level 2. HP: 30/32 MP: 2/2
   161 | D:1      | Reached skill level 3 in Dodging
   754 | D:1      | Reached XP level 3. HP: 39/39 MP: 3/3
   854 | D:1      | Reached ** piety under Trog
  1741 | D:2      | Reached skill level 4 in Dodging
  1873 | D:2      | Found a glowing golden altar of the Shining One.
  1969 | D:2      | Reached XP level 4. HP: 48/48 MP: 4/4
  3228 | D:3      | Reached XP level 5. HP: 54/54 MP: 5/5
  3234 | D:3      | Reached skill level 5 in Dodging
  3731 | D:3      | Reached *** piety under Trog
  3928 | D:3      | Noticed Ijyb
  3981 | D:3      | Killed Ijyb
  4642 | D:4      | Reached XP level 6. HP: 58/62 MP: 6/6
  4819 | D:4      | Reached skill level 6 in Dodging
  5133 | D:4      | Found a glowing silver altar of Zin.
  5136 | D:4      | Found a blossoming altar of Fedhas.
  5137 | D:4      | Found a hide-covered altar of Uskayaw.
  5708 | D:4      | Found a staircase to the Ecumenical Temple.
  6095 | D:5      | Entered Level 5 of the Dungeon
  6119 | D:5      | Reached skill level 7 in Dodging
  6119 | D:5      | Reached XP level 7. HP: 60/70 MP: 7/7
  6531 | D:5      | Found a stormy altar of Qazlal.
  6535 | D:5      | Noticed Blork the orc
  6545 | D:5      | Killed Blork the orc
  6700 | D:5      | Found a runed translucent door.
  6701 | D:5      | Noticed Crazy Yiuf
  6707 | D:5      | Killed Crazy Yiuf
  6717 | D:5      | Gained mutation: Your magical capacity is low. (-10% MP)
                  | [potion of mutation]
  6717 | D:5      | Gained mutation: You expend magic power (3 MP) to
                  | strengthen your wands. [potion of mutation]
  6736 | D:5      | Noticed Menkaure
  6753 | D:5      | Killed Menkaure
  6843 | D:5      | Reached skill level 8 in Dodging
  7553 | D:5      | Reached XP level 8. HP: 57/78 MP: 7/7
  7893 | D:6      | Reached skill level 9 in Dodging
  8133 | D:6      | Found a hide-covered altar of Uskayaw.
  9547 | D:7      | Reached skill level 10 in Dodging
  9629 | D:7      | Reached **** piety under Trog
  9992 | D:7      | Reached XP level 9. HP: 76/84 MP: 8/8
 10149 | D:7      | Noticed Prince Ribbit
 10493 | D:7      | HP: 4/84 [poisoned by a water moccasin]
 10500 | D:7      | HP: 3/84 [poisoned by a water moccasin]
 10507 | D:7      | HP: 2/84 [poisoned by a water moccasin]
 10515 | D:7      | HP: 2/84 [poisoned by a water moccasin]
 10771 | D:7      | HP: 4/84 [Prince Ribbit (6)]
 10774 | D:7      | Slain by Prince Ribbit

Illustrated notes

Levels and vault maps discovered:
D:1:      minmay_arrival_cross, layout_basic
D:2:      layout_basic, serial_corexii_hall, corexii_hall_statues_i,
          corexii_hall_statues_x, st_stairs_12, lemuel_altar_in_water
D:3:      layout_loops_corners, uniq_ijyb
D:4:      layout_basic, minitemple, minmay_temple_entry_statues_fountains
D:5:      layout_basic, lemuel_crystal_altar, uniq_crazy_yiuf_cottage,
          uniq_blork_the_orc, uniq_menkaure
D:6:      layout_gridville, basic_altar
D:7:      lemuel_upstairs_altar, layout_basic, uniq_prince_ribbit1

Skill      XL: |  1  2  3  4  5  6  7  8 |
---------------+-------------------------+-----
Dodging        | 3 4 5 7 8 10 | 10.7
Fighting       | |  4.2
Maces & Flails | |  2.8
Stealth        | |  0.1

Action                   |  1- 3 |  4- 6 |  7- 9 || total
-------------------------+-------+-------+-------++-------
Melee: Mace              |   138 |   161 |       ||   299
       Flail             |       |    59 |    17 ||    76
       Dire flail        |       |       |   267 ||   267
Invok: Berserk           |     3 |     3 |    14 ||    20
       Trog's Hand       |       |       |     1 ||     1
  Use: Scroll            |       |       |    13 ||    13
       Potion            |       |       |    16 ||    16
 Stab: Sleeping          |       |     1 |       ||     1
Armor: Animal skin       |    75 |    55 |    45 ||   175
       Skin              |       |     1 |    17 ||    18
Dodge: Dodged            |   127 |   160 |   218 ||   505
